Map: Terrasses de Prion

Players

Vincent

  • Race: Zerg Zerg
  • League: Grandmaster

AcerBly (Bly) - Winner!

  • Race: Zerg Zerg

Event: NationWars III

VOD

Have the link to the VOD?

Description

Time

  • Played on: Nov. 19, 2015, 1:23 p.m.
  • Length: 7:05
Show
View Real Time Build Order
Export as new Build Order

Vincent Zerg 

Build Orders: Pool First, Zergling Baneling 

Get SALT Encoding   

  12  0:01  Drone  
  13  0:23  Spawning Pool  
  13  0:25  Drone  
  13  0:29  Extractor  
  13  0:32  Drone  
  13  0:36  Drone  
  14  0:46  Overlord  
  14  1:09  Queen  
  14  1:10  Zergling x2  
  14  1:11  Zergling x2  
  18  1:13  Zergling x2  
  19  1:22  Zergling x2  
  20  1:27  Baneling Nest  
  19  1:34  Zergling x2  
  20  1:45  Zergling x2  
  21  2:00  Zergling x2  
  22  2:21  Baneling x2  
  22  2:23  Metabolic Boost  
  22  2:27  Spine Crawler  
  22  2:28  Drone, Overlord  
  22  2:41  Extractor  
  21  2:47  Drone  
  21  2:48  Drone x2  
  25  2:56  Baneling  
  24  2:59  Drone x3  
  27  3:08  Zergling x2  
  24  3:23  Zergling x2  
  25  3:33  Hatchery, Zergling x2  
  25  3:46  Drone  
  26  3:49  Overlord  
  26  3:50  Zergling x2  
  27  3:59  Queen  
  29  4:09  Baneling x2  
  29  4:10  Baneling x2  
  29  4:11  Zergling x4  
  29  4:12  Zergling x2  
  32  4:18  Baneling  
  32  4:25  Baneling x2  
  30  4:33  Zergling x10  
  30  4:36  Baneling  
  31  4:48  Zergling x2  
  31  4:49  Zergling x4  
  34  5:06  Drone, Roach Warren  
  34  5:07  Drone  
  35  5:20  Drone x4  
  34  5:40  Drone x3  
  34  5:41  Overlord x2  
  34  5:42  Extractor  
  36  5:47  Drone x3  
  34  5:53  Zergling x2  
  35  5:57  Roach  
  35  6:01  Roach  
  39  6:08  Roach x2  
  39  6:09  Roach  
  45  6:17  Roach x2  
  47  6:32  Roach  
  44  6:43  Overlord  
Show
View Real Time Build Order
Export as new Build Order

AcerBly Zerg - Winner!

Build Orders: Pool First 

Get SALT Encoding   

  12  0:01  Drone  
  13  0:10  Drone  
  13  0:13  Extractor  
  13  0:18  Drone  
  14  0:32  Spawning Pool  
  13  0:36  Drone  
  14  0:48  Drone, Extractor  
  15  0:52  Overlord  
  15  1:18  Metabolic Boost, Queen  
  15  1:20  Zergling x2  
  15  1:22  Zergling x2  
  19  1:26  Zergling x2  
  20  1:39  Baneling Nest  
  19  1:41  Zergling x2  
  19  1:46  Zergling x2  
  21  1:52  Overlord  
  21  2:03  Drone  
  22  2:12  Queen  
  24  2:16  Zergling x2  
  25  2:27  Baneling x2  
  25  2:28  Drone x2  
  27  2:30  Drone  
  27  2:34  Drone  
  29  2:38  Baneling x2  
  29  2:46  Overlord  
  29  2:47  Baneling  
  28  3:01  Drone x2  
  29  3:10  Drone x2  
  29  3:11  Drone  
  30  3:32  Zergling x8  
  34  3:41  Overlord  
  34  3:45  Hatchery  
  33  3:49  Queen  
  33  3:53  Baneling x2  
  35  3:55  Zergling x2  
  36  4:09  Drone  
  37  4:11  Zergling x6  
  37  4:14  Extractor  
  39  4:17  Roach Warren  
  32  5:03  Roach x6  
  44  5:16  Roach x4  
  44  5:17  Overlord  
  44  5:20  Baneling x2  
  51  5:47  Ravager  
  51  5:52  Ravager x2  
  51  5:53  Overlord  
  51  5:54  Ravager  
  54  5:57  Zergling x10  
  54  5:59  Overlord  
  59  6:09  Baneling  
  58  6:13  Zergling x14  
  65  6:24  Overlord  
  63  6:35  Zergling x10  
  68  6:43  Ravager  
Tags
 
Add a new tag
Caveats
  • Supply blocks, unpowered buildings, or Contaminate may cause inaccurate times.
  • Supply counts are checked every 10 seconds.